cohdb
Replays
Latest Replays
All Replays
Popular Replays
Top Player Replays
Match Explorer
How It Works
Community
CoH3 Stats
Reddit
Sign in to upload your games and track your stats! →
Sign in with Steam
Match 42479602
Unlisted
Match 42479602
Overview
Messages
Build Orders
End
Vickers Machine Gun Team
Construct Section Command Post
Dingo Light Scout Car
Infantry Section
Infantry Section
Construct Platoon Command Post
Grenade Package
Humber Armored Car
Unlock M3 Stuart Light Tanks
M3 Stuart Light Tank
M3 Stuart Light Tank
Royal Engineer Section
CMP 15cwt Truck
M3 Stuart Light Tank
M3 Stuart Light Tank
Selects Heavy Armor Battlegroup
Selects Light Vehicle Withdraw and Refit
Selects Rigorous Vehicle Training
Light Vehicle Withdraw and Refit
M3 Stuart Light Tank
Selects Radio Net
Selects Recon Artillery
M3 Stuart Light Tank
M3 Stuart Light Tank
Selects Forward Repair Assembly
M3 Stuart Light Tank
M3 Stuart Light Tank
Royal Engineer Section
Selects UNKNOWN (2162094)
M3 Stuart Light Tank
M3 Stuart Light Tank
M3 Stuart Light Tank
M3 Stuart Light Tank
Recon Artillery
wila
LittleFatty233
GodVvz
AZHE
COLYT
Juzzle
何地啊
Yancy
0
0
Comments
sign in to comment!
No comments posted yet!